 Dungeon Crawl Stone Soup version 0.18-a0-1043-g4533410 (webtiles) character file.

135 sugabear the Slasher (level 5, -4/27 HPs)
             Began as a Vine Stalker Gladiator on Jan 11, 2016.
             Slain by sirjcollins's ghost (9 damage)
             ... on level 4 of the Dungeon.
             The game lasted 00:01:33 (1201 turns).

sugabear the Slasher (Vine Stalker Gladiator)       Turns: 1201, Time: 00:01:33

Health: -4/27      AC:  7    Str: 18    XL:     5   Next: 18%
Magic:  0/6        EV: 11    Int:  8    God:
Gold:   67         SH:  0    Dex: 15    Spells: 0 memorised, 4 levels left

rFire  . . .     SeeInvis .     a - +0 long sword
rCold  . . .     Gourm    .     m - +0 scale mail (curse)
rNeg   . . .     Faith    .     (no shield)
rPois  .         Spirit   +     c - +0 helmet
rElec  .         Dismiss  .     (no cloak)
rCorr  .         Reflect  .     (no gloves)
SustAt .         Harm     .     (no boots)
MR     .....                    (no amulet)
Stlth  ..........               (no ring)
                                (no ring)

@: not resistant to hostile enchantments, extremely unstealthy
A: fangs 2, regeneration 1, magic shield, antimagic bite, no device heal 3, rot
immunity
a: no special abilities


You were on level 4 of the Dungeon.
You were not hungry.

You visited 1 branch of the dungeon, and saw 3 of its levels.

You collected 67 gold pieces.

Inventory:

Hand Weapons
 a - a +0 long sword (weapon)
Missiles
 d - 3 throwing nets (quivered)
Armour
 b - a +0 leather armour
 c - a +0 helmet (worn)
 h - a +0 ring mail
 m - a cursed +0 scale mail (worn)
Scrolls
 i - a scroll of identify {unknown}
 k - 2 scrolls of fog {unknown}
 n - 2 scrolls of teleportation {unknown}
 q - a scroll of magic mapping {unknown}
Potions
 e - 2 potions of brilliance {unknown}
 g - 2 potions of degeneration {unknown}
 j - a potion of ambrosia {unknown}
 l - a potion of curing {unknown}
 p - a potion of experience {unknown}
Comestibles
 f - 5 bread rations
 o - 2 chunks of flesh
 r - 2 meat rations
 s - a slice of pizza


   Skills:
 + Level 2.3 Fighting
 + Level 3.6 Long Blades
 + Level 2.0 Throwing
 + Level 1.2 Armour
 + Level 3.4 Dodging


You had 4 spell levels left.
You didn't know any spells.

Dungeon Overview and Level Annotations

Branches:
Dungeon (2/15)

Altars:
Makhleb

Annotations:
D:4 sirjcollins's ghost, weakling CeFi


Innate Abilities, Weirdness & Mutations

You have extremely sharp teeth.
Your natural rate of healing is unusually fast.
When hurt, damage is shared between your health and your magic reserves.
Your bite disrupts and absorbs the magic of your enemies.
Potions and wands cannot restore your health.
You are immune to rotting.


Message History

The worker ant closely misses you.
You hit the worker ant. You bite the worker ant. You drain its power.
The worker ant is almost dead.
The worker ant misses you.
The worker ant splashes around in the water.
You barely miss the worker ant.
The worker ant is almost dead.
Sirjcollins's ghost hits you.
The worker ant splashes around in the water.
You hit the worker ant. You bite the worker ant. You drain its power.
You feel invigorated.
You kill the worker ant!
You have reached level 5!
Sirjcollins's ghost hits you!
You barely miss sirjcollins's ghost. Sirjcollins's ghost barely misses you.
Sirjcollins's ghost hits you!
* * * LOW HITPOINT WARNING * * *
Unknown command.
Sirjcollins's ghost hits you!
You die...

..≈≈# ...≈≈#
....≈≈# .....≈≈
......≈
......≈###
.......'.#
.......W.#
......≈#@#
......≈#.#
.....≈≈#.#
....≈≈##.#
...≈≈##..#
..≈≈# #.##
.≈≈####.#
##....#
#########..####


You could see sirjcollins's ghost.

Vanquished Creatures
  A hound (D:4)
  2 worker ants (D:4)
  A gnoll (D:1)
  An adder (D:2)
  An ooze (D:1)
  An adder skeleton (D:4)
  A ball python (D:1)
  A giant cockroach (D:2)
  6 goblins
  4 hobgoblins
  2 jackals (D:1)
  6 bats
  2 giant newts (D:1)
  6 kobolds
  2 rats (D:1)
37 creatures vanquished.

Notes
Turn   | Place    | Note
--------------------------------------------------------------
     0 | D:1      | sugabear the Vine Stalker Gladiator began the quest for the Orb.
     0 | D:1      | Reached XP level 1. HP: 11/11 MP: 2/2
   156 | D:1      | Reached XP level 2. HP: 15/15 MP: 3/3
   173 | D:1      | Reached skill level 3 in Long Blades
   173 | D:1      | Reached XP level 3. HP: 4/18 MP: 1/4
   964 | D:2      | Reached XP level 4. HP: 23/23 MP: 5/5
   994 | D:2      | You fall through a shaft for 2 floors!
  1079 | D:4      | Found a burning altar of Makhleb.
  1086 | D:4      | Reached skill level 1 in Armour
  1194 | D:4      | Noticed sirjcollins's ghost (weakling CeFi)
  1198 | D:4      | Reached XP level 5. HP: 22/27 MP: 6/6
  1201 | D:4      | Slain by sirjcollins's ghost

Vault maps used:
D:1:      minmay_arrival_four_loops, serial_forest,
          infiniplex_forest_lined_room_2, infiniplex_forest_lined_2,
          infiniplex_forest_clump_curved, infiniplex_forest_3_way,
          infiniplex_forest_clump_double, infiniplex_forest_clump_diagonal,
          infiniplex_forest_clump_curved, infiniplex_forest_clump_curved,
          infiniplex_forest_lined_4_way
D:2:      mumra_celtic_spiral_tile, supply_closet_lemuel
D:4:      makhleb_heckhound_becter, serial_shops, nicolae_shop_stone,
          kennysheep_cross_room, st_stairs_14

Action                   |  1- 3 |  4- 6 || total
-------------------------+-------+-------++-------
Melee: Long sword        |    75 |    27 ||   102
  Eat: Chunk             |       |     1 ||     1
